[Event "ICC tourney 2675 (25 5)"]
[Site "Internet Chess Club"]
[Date "2021.09.18"]
[Round "3"]
[White "CHRIST, OWEN EMERSON:chesswizard9797"]
[Black "KRISHNAN, ASHVATH:ashvathk5"]
[Result "0-1"]
[ICCResult "White checkmated"]
[WhiteElo "1473"]
[BlackElo "1192"]
[Opening "Vienna gambit"]
[ECO "C29"]
[NIC "VG.04"]
[Time "14:00:19"]
[TimeControl "1500+5"]

1. e4 e5 2. Nc3 Nf6 3. f4 d6 4. Nf3 Nc6 5. Bc4 Be7 6. O-O O-O 7. Qe1 Re8 8.
Ng5 Rf8 9. Qh4 h6 10. Rf3 Nd4 11. Rg3 hxg5 12. fxg5 Nh7 13. Qh5 Bxg5 14. d3
Bxc1 15. Rxc1 a6 16. Rf1 Qe7 17. Qh6 Ne6 18. Bxe6 fxe6 19. Rxf8+ Qxf8 20.
Qh5 Qf7 21. Qh4 Qf6 22. Qh5 Qf7 23. Qh4 Bd7 24. Rh3 g6 25. Rf3 Qg7 26. Nd1
Rf8 27. Rh3 d5 28. exd5 exd5 29. Rg3 e4 30. dxe4 Qf6 31. Qxf6 Rxf6 32. exd5
Kf7 33. Nf2 Bb5 34. h3 Rf5 35. Rc3 c6 36. Ne4 Rxd5 37. b3 Kg7 38. a4 Be2 39.
Nc5 b6 40. Ne6+ Kf6 41. Rxc6 Ke5 42. Rxb6 Rd6 43. Rxd6 Kxd6 44. Nf4 Bd1 45.
Nd3 Bxc2 46. Nc1 Kc5 47. Kf2 Ng5 48. Kg3 Ne4+ 49. Kf4 Nd2 50. Kg5 Kd6 51. g4
Ke7 52. h4 Kf7 53. b4 Bxa4 54. Nd3 Nf3+ 55. Kf4 Nxh4 56. Kg3 g5 57. Nc5 Bb5
58. Ne4 Kg6 59. Nd6 Kh6 60. Nf7+ Kg7 61. Ne5 Ng6 62. Nf3 Kf6 63. Nd2 Bd3 64.
Nf3 Ne5 65. Nd4 Bb5 66. Nb3 Nd3 67. Nc5 Nxc5 68. bxc5 a5 69. Kf3 Ke5 70. Ke3
Kd5 71. Kd2 Kxc5 72. Kc3 Kd5 73. Kd2 Ke4 74. Ke1 Kf4 75. Kf2 Kxg4 76. Kg2 a4
77. Kg1 a3 78. Kg2 a2 79. Kh2 a1=Q 80. Kg2 Qf1+ 81. Kh2 Qh3+ 82. Kg1 Qg3+
83. Kh1 Bc6# {White checkmated} 0-1

[Event "ICC tourney 2675 (25 5)"]
[Site "Internet Chess Club"]
[Date "2021.09.18"]
[Round "3"]
[White "HOSUR, SANMITA:phosur"]
[Black "JHA, AAKASH:akashew32"]
[Result "1-0"]
[ICCResult "Black resigns"]
[WhiteElo "1123"]
[BlackElo "1260"]
[Opening "Grünfeld: 5.e3"]
[ECO "D94"]
[NIC "GI.03"]
[Time "14:00:25"]
[TimeControl "1500+5"]

1. d4 Nf6 2. c4 g6 3. Nc3 d5 4. e3 Bg7 5. Nf3 c5 6. b3 Bf5 7. Bb2 O-O 8. Be2
Nc6 9. O-O cxd4 10. exd4 Re8 11. Rc1 dxc4 12. bxc4 Ne4 13. d5 Ne5 14. Nxe4
Nxf3+ 15. Bxf3 Bxb2 16. Rb1 Bg7 17. Rxb7 Qc8 18. Rb4 e6 19. Nd6 Qc5 20. dxe6
Bxe6 21. Bxa8 Rxa8 22. Rb3 Bf8 23. Ne4 Qc6 24. Qf3 Qxc4 25. Nf6+ Kg7 26.
Qxa8 Be7 27. Qg8+ Kxf6 28. Rf3+ Bf5 29. Qh8+ Kg5 30. Qxh7 Bf8 31. Rg3+ Bg4
32. h4+ Kf6 33. Qh8+ Bg7 34. Qd8+ Kf5 35. Qg5+ Ke6 36. Qxg4+ {Black resigns}
1-0

[Event "ICC tourney 2675 (25 5)"]
[Site "Internet Chess Club"]
[Date "2021.09.18"]
[Round "3"]
[White "VATS, ATIKSH:avats"]
[Black "GILLMAN, JONES:JonesGill"]
[Result "0-1"]
[ICCResult "White resigns"]
[WhiteElo "1488"]
[BlackElo "1427"]
[Opening "Giuoco Pianissimo"]
[ECO "C50"]
[NIC "IG.02"]
[Time "14:01:11"]
[TimeControl "1500+5"]

1. e4 e5 2. Nf3 Nc6 3. Bc4 Bc5 4. d3 Nf6 5. O-O h6 6. Nc3 d6 7. h3 O-O 8.
Be3 Bb6 9. Qd2 Be6 10. Bb3 Nd7 11. d4 Bxb3 12. axb3 f5 13. exf5 Rxf5 14.
dxe5 Bxe3 15. Qxe3 Ndxe5 16. Nxe5 Rxe5 17. Qd3 Qd7 18. Rae1 Rae8 19. Qd2 Qe6
20. Rxe5 Nxe5 21. Ra1 Qg6 22. Kh1 a6 23. Re1 Rf8 24. Ne4 Qf7 25. f3 Ng6 26.
Qf2 Nf4 27. Nc3 Qg6 28. Re4 Nh5 29. Rd4 Qf6 30. Re4 c6 31. Kg1 d5 32. Re2
Qf4 33. Qe3 Qxe3+ 34. Rxe3 d4 35. Re7 dxc3 36. bxc3 Rf7 37. Re8+ Kh7 38. Re5
Nf4 39. Kf2 Kg6 40. h4 Nd5 41. c4 Nb4 42. Re2 Kf6 43. Rd2 a5 44. c3 Na6 45.
Rd4 Ke6 46. Re4+ Kd6 47. g4 Nc5 48. Rd4+ Kc7 49. b4 axb4 50. cxb4 Ne6 51.
Re4 Kd6 52. Ke3 b6 53. f4 Re7 54. f5 Nc7 55. Kf4 Rxe4+ 56. Kxe4 Ne8 57. g5
hxg5 58. hxg5 Kd7 59. Ke5 Ke7 60. Kd4 Nd6 61. f6+ gxf6 62. gxf6+ Kxf6 63. c5
Nf5+ 64. Kc4 b5+ 65. Kd3 Ke5 66. Kc3 Kd5 67. Kd3 Ng7 {White resigns} 0-1

[Event "ICC tourney 2675 (25 5)"]
[Site "Internet Chess Club"]
[Date "2021.09.18"]
[Round "3"]
[White "SCHWARTZ, DOUGLAS S:Douglas1"]
[Black "MANTRI, RISHAB SAI:Rishabmantri"]
[Result "1-0"]
[ICCResult "Black checkmated"]
[WhiteElo "1315"]
[BlackElo "1164"]
[Opening "Two knights defense (Modern bishop's opening)"]
[ECO "C55"]
[NIC "IG.01"]
[Time "14:00:11"]
[TimeControl "1500+5"]

1. e4 e5 2. Nf3 Nc6 3. Bc4 Nf6 4. d3 a6 5. Bg5 h6 6. Bh4 Be7 7. h3 b5 8. Bb3
Bb7 9. Bg3 d6 10. c3 O-O 11. O-O Re8 12. Re1 Bf8 13. Nh4 Bc8 14. a4 Bb7 15.
Nf5 d5 16. exd5 Nxd5 17. axb5 axb5 18. Rxa8 Bxa8 19. Qf3 Nf6 20. Qd1 Qd7 21.
Nh4 Bd6 22. Nf3 e4 23. dxe4 Rxe4 24. Rxe4 Nxe4 25. Bxd6 Nxd6 26. Nd4 Ne5 27.
Na3 c6 28. Nf3 Qe7 29. Nxe5 Qxe5 30. Nc2 c5 31. Ne3 c4 32. Bc2 Qe7 33. Qg4
Qd8 34. Nf5 Nxf5 35. Qxf5 g6 36. Qxb5 Qd5 37. Qxd5 Bxd5 38. f3 f5 39. Kf2
Kf7 40. Ke3 Ke6 41. g3 g5 42. f4 gxf4+ 43. gxf4 h5 44. h4 Kd6 45. Kd4 Be6
46. Ba4 Bf7 47. Bb5 Kc7 48. Bxc4 Bxc4 49. Kxc4 Kc6 50. b4 Kb6 51. b5 Kc7 52.
Kc5 Kd7 53. b6 Kc8 54. Kc6 Kb8 55. b7 Ka7 56. Kc7 Ka6 57. b8=Q Ka5 58. Qb4+
Ka6 59. Qb6# {Black checkmated} 1-0

[Event "ICC tourney 2675 (25 5)"]
[Site "Internet Chess Club"]
[Date "2021.09.18"]
[Round "4"]
[White "Nori, YOGA KAUSTHUBHA KRISHNA:Harithaananth"]
[Black "RAVAL, MEET:K09-30125723"]
[Result "0-1"]
[ICCResult "White checkmated"]
[WhiteElo "1073"]
[BlackElo "598"]
[Opening "King's pawn game"]
[ECO "C50"]
[NIC "IG.03"]
[Time "15:30:14"]
[TimeControl "1500+5"]

1. e4 e5 2. Nf3 Nc6 3. Bc4 h6 4. Nc3 Nf6 5. d3 Bc5 6. h3 d6 7. Be3 Bxe3 8.
fxe3 O-O 9. O-O Re8 10. d4 Bd7 11. d5 Ne7 12. Bd3 c6 13. dxc6 Bxc6 14. Re1
d5 15. exd5 Nexd5 16. Nxd5 Nxd5 17. Bf1 e4 18. Nd4 Nf6 19. Nxc6 bxc6 20.
Qxd8 Raxd8 21. Rad1 g6 22. Rxd8 Rxd8 23. Be2 Rd2 24. Kf1 Rxc2 25. Rb1 Nd5
26. Kf2 Nb4 27. a3 Nd3+ 28. Kf1 Nxb2 29. g4 Nd3 30. Bxd3 exd3 31. Rd1 d2 32.
Ke2 Ra2 33. Rxd2 Rxa3 34. Rd8+ Kg7 35. Rc8 Rc3 36. Rc7 a5 37. Ra7 Rc5 38.
Kf3 g5 39. Ra6 f6 40. Ra7+ Kg6 41. Ra6 h5 42. gxh5+ Kxh5 43. Ra7 Kg6 44. Ra6
f5 45. Ra7 Kf6 46. Ra6 Ke5 47. Ra8 Kd5 48. Rd8+ Kc4 49. Rd4+ Kb5 50. Rd8 a4
51. Rb8+ Kc4 52. Ra8 Kb4 53. Rb8+ Rb5 54. Rc8 c5 55. Rf8 c4 56. Rg8 a3 57.
Ra8 Kb3 58. Ke2 a2 59. Kd2 Kb2 60. Ra4 c3+ 61. Kd3 a1=Q 62. Rc4 Qd1#
{White checkmated}
0-1

[Event "ICC tourney 2675 (25 5)"]
[Site "Internet Chess Club"]
[Date "2021.09.18"]
[Round "4"]
[White "GUERRERIO, CHRISTOPHER:K09-16206065"]
[Black "HECHT, HENRY:Henhec1001"]
[Result "0-1"]
[ICCResult "White resigns"]
[WhiteElo "1103"]
[BlackElo "1074"]
[Opening "Queen's pawn game"]
[ECO "E20"]
[NIC "QP.07"]
[Time "15:30:10"]
[TimeControl "1500+5"]

1. d4 Nf6 2. c4 e6 3. Nc3 g6 4. Bg5 Bg7 5. e4 h6 6. Bh4 g5 7. Bg3 Nh5 8. Nf3
Nxg3 9. hxg3 O-O 10. Bd3 c6 11. Qe2 Re8 12. Bc2 d5 13. e5 dxc4 14. Qxc4 Qb6
15. Qb3 Qa6 16. O-O-O Nd7 17. Bd3 Qb6 18. Qxb6 axb6 19. a3 c5 20. Be4 cxd4
21. Nxd4 Nxe5 22. Ndb5 Bd7 23. Nc7 Rac8 24. Nxe8 Bxe8 25. Bxb7 Rc7 26. Rd8
Kf8 27. Be4 Ke7 28. Rhd1 Nc4 29. Rb8 Nxa3 30. bxa3 Rxc3+ 31. Kb2 Rc8+ 32.
Kb3 Rxb8 {White resigns} 0-1

[Event "ICC tourney 2675 (25 5)"]
[Site "Internet Chess Club"]
[Date "2021.09.18"]
[Round "4"]
[White "JHA, AAKASH:akashew32"]
[Black "JANAPATI, VISWA:viswa0925"]
[Result "1-0"]
[ICCResult "Black resigns"]
[WhiteElo "1260"]
[BlackElo "911"]
[Opening "Scotch game"]
[ECO "C45"]
[NIC "SO.04"]
[Time "15:30:13"]
[TimeControl "1500+5"]

1. e4 e5 2. Nf3 Nc6 3. d4 exd4 4. Nxd4 Nxd4 5. Qxd4 Nf6 6. Nc3 b6 7. e5 Qe7
8. Be2 Ng8 9. Nb5 d6 10. exd6 cxd6 11. Bf4 Kd7 12. Rd1 Ke8 13. Nxd6+ Kd8 14.
Nxf7+ Ke8 15. Nd6+ Kd8 16. Bg5 Nf6 17. Nf5+ Qd7 18. Bxf6+ gxf6 19. Qxf6+ Ke8
{Black resigns}
1-0

[Event "ICC tourney 2675 (25 5)"]
[Site "Internet Chess Club"]
[Date "2021.09.18"]
[Round "4"]
[White "SARAVIA, KYLE AUSTIN:Kyle45"]
[Black "MOORHOUSE, WILL:NatWill"]
[Result "0-1"]
[ICCResult "White resigns"]
[WhiteElo "1296"]
[BlackElo "1485"]
[Opening "Sicilian: Najdorf"]
[ECO "B90"]
[NIC "SI.14"]
[Time "15:30:13"]
[TimeControl "1500+5"]

1. e4 c5 2. Nf3 d6 3. d4 cxd4 4. Nxd4 Nf6 5. Nc3 a6 6. a4 g6 7. Bc4 Bg7 8.
O-O O-O 9. f4 Qb6 10. Be3 Ng4 11. Nd5 Qc5 12. Nxe7+ Kh8 13. Qd3 Nxe3 14. Rf3
Nxc4 15. c3 Nxb2 16. Qe3 Nc6 17. Nexc6 bxc6 18. f5 Nc4 19. Qd3 Ne5 20. Qe3
Nxf3+ 21. gxf3 gxf5 22. exf5 Bxf5 23. Kf2 Rae8 24. Qf4 Bxd4+ 25. cxd4 Qc2+
26. Kg3 Rg8+ 27. Kh4 Qf2+ 28. Kh5 Bg4+ {White resigns} 0-1

[Event "ICC tourney 2675 (25 5)"]
[Site "Internet Chess Club"]
[Date "2021.09.18"]
[Round "4"]
[White "LIN, SYLVIA:K09-16713708"]
[Black "VATS, ATIKSH:avats"]
[Result "0-1"]
[ICCResult "White resigns"]
[WhiteElo "1264"]
[BlackElo "1488"]
[Opening "Queen's bishop game"]
[ECO "D02"]
[NIC "QP.06"]
[Time "15:30:13"]
[TimeControl "1500+5"]

1. d4 Nf6 2. Nf3 d5 3. Bf4 Bf5 4. e3 e6 5. Bd3 Bxd3 6. cxd3 Bd6 7. Bg3 O-O
8. Nc3 c6 9. e4 dxe4 10. dxe4 Be7 11. h3 Na6 12. O-O Qd7 13. e5 Nd5 14. a3
Rfd8 15. Qb3 Rab8 16. Rfc1 Nxc3 17. bxc3 c5 18. Rab1 cxd4 19. cxd4 Nc7 20.
Rc3 Nd5 21. Rc4 b6 22. a4 a6 23. Nd2 b5 24. axb5 axb5 25. Rcc1 b4 26. Ne4 h6
27. f3 Qa7 28. Bf2 Qb7 29. Be1 Qd7 30. Nc5 Qb5 31. Rc4 Bxc5 32. Rxc5 Qb6 33.
Rc4 Rd7 34. Bxb4 Rdb7 35. Bd6 Qxb3 36. Rxb3 Rxb3 37. Bxb8 Rxb8 38. Kf2 Rb4
{White resigns}
0-1

[Event "ICC tourney 2675 (25 5)"]
[Site "Internet Chess Club"]
[Date "2021.09.18"]
[Round "4"]
[White "KRISHNAN, ASHVATH:ashvathk5"]
[Black "SCHWARTZ, DOUGLAS S:Douglas1"]
[Result "0-1"]
[ICCResult "White checkmated"]
[WhiteElo "1192"]
[BlackElo "1315"]
[Opening "Ruy Lopez: classical (Cordel) defense"]
[ECO "C64"]
[NIC "RL.01"]
[Time "15:30:14"]
[TimeControl "1500+5"]

1. e4 e5 2. Nf3 Nc6 3. Bb5 Bc5 4. d3 d6 5. c3 a6 6. Ba4 b5 7. Bc2 Bg4 8. O-O
Qf6 9. Nbd2 Nge7 10. h3 Bh5 11. Re1 Bxf3 12. Qxf3 Qxf3 13. Nxf3 Ng6 14. g3
O-O 15. Be3 Bxe3 16. Rxe3 a5 17. d4 exd4 18. cxd4 Nb4 19. Bb1 Rfe8 20. a3
Nc6 21. Bd3 Na7 22. Rc1 Rac8 23. d5 Ne5 24. Nxe5 Rxe5 25. f4 Ree8 26. Kf2 f6
27. g4 g6 28. h4 Kg7 29. f5 Re7 30. fxg6 hxg6 31. Rg3 Kf7 32. g5 fxg5 33.
hxg5 Rh8 34. Rf1 Kg7 35. Kg2 Rh5 36. Rh1 Rxh1 37. Kxh1 Re5 38. Kg2 c6 39.
dxc6 Nxc6 40. Bxb5 Rxb5 41. Rc3 Rxb2+ 42. Kf3 Ne5+ 43. Ke3 Rb7 44. Kd4 Nf7
45. Kd5 Nxg5 46. Rc6 Nf7 47. Ra6 Rb5+ 48. Ke6 Re5+ 49. Kd7 Rxe4 50. Rxa5 g5
51. Rf5 Rf4 52. Rd5 g4 53. Rd2 Ne5+ 54. Ke6 Ra4 55. Rxd6 Nf3 56. Kf5 Nh2 57.
Rd7+ Kf8 58. Rh7 g3 59. Rh5 Ra5+ 60. Kg6 Rxh5 61. Kxh5 g2 62. a4 g1=Q 63. a5
Qc5+ 64. Kh6 Qxa5 65. Kg6 Ke7 66. Kh6 Kf7 67. Kh7 Qh5# {White checkmated}
0-1

[Event "ICC tourney 2675 (25 5)"]
[Site "Internet Chess Club"]
[Date "2021.09.18"]
[Round "4"]
[White "MANTRI, RISHAB SAI:Rishabmantri"]
[Black "POLAKALA, ANISH:shadowstriker"]
[Result "1-0"]
[ICCResult "Black checkmated"]
[WhiteElo "1164"]
[BlackElo "892"]
[Opening "Scotch: Schmidt variation"]
[ECO "C45"]
[NIC "SO.04"]
[Time "15:30:32"]
[TimeControl "1500+5"]

1. e4 e5 2. Nf3 Nc6 3. d4 exd4 4. Nxd4 Nf6 5. Nc3 Nxd4 6. Qxd4 d6 7. Bg5 Be7
8. a3 O-O 9. Bc4 h6 10. Bh4 Be6 11. h3 c5 12. Qd3 a6 13. a4 Qb6 14. b3 Bxc4
15. Qxc4 Qc6 16. O-O Rfd8 17. Rad1 Rd7 18. Rfe1 Re8 19. Nd5 Nxd5 20. exd5
Qc7 21. Qg4 Bxh4 22. Rxe8+ Kh7 23. Qxh4 b5 24. Qe4+ g6 25. axb5 axb5 26. Re1
b4 27. Re7 Rxe7 28. Qxe7 Qxe7 29. Rxe7 Kg7 30. Rd7 Kf8 31. Rxd6 Ke7 32. Rc6
c4 33. Rxc4 Kd6 34. Rxb4 Kxd5 35. c4+ Kc5 36. Rb7 f5 37. Rh7 h5 38. Rg7 Kb4
39. Rxg6 Kxb3 40. Rf6 Kxc4 41. Rxf5 Kd3 42. Rxh5 Ke2 43. Rf5 Ke1 44. h4 Ke2
45. h5 Kd3 46. Kf1 Ke4 47. Rf8 Ke5 48. h6 Ke6 49. h7 Ke7 50. h8=Q Ke6 51.
Qf6+ Kd7 52. Rf7+ Kc8 53. Qh8# {Black checkmated} 1-0

[Event "ICC tourney 2675 (25 5)"]
[Site "Internet Chess Club"]
[Date "2021.09.18"]
[Round "4"]
[White "CHRIST, OWEN EMERSON:chesswizard9797"]
[Black "HOSUR, SANMITA:phosur"]
[Result "1-0"]
[ICCResult "Black forfeits on time"]
[WhiteElo "1473"]
[BlackElo "1123"]
[Opening "Sicilian: Grand Prix attack, Schofman variation"]
[ECO "B23"]
[NIC "SI.44"]
[Time "15:30:11"]
[TimeControl "1500+5"]

1. e4 c5 2. Nc3 g6 3. f4 Bg7 4. Nf3 Nc6 5. Bc4 e6 6. f5 Nf6 7. e5 Ng4 8. f6
Bf8 9. Nb5 Ngxe5 10. Be2 a6 11. Nc3 Nxf3+ 12. Bxf3 Qxf6 13. O-O Qd4+ 14. Kh1
Bg7 15. d3 Qh4 16. Bxc6 bxc6 17. Qf3 O-O 18. Ne4 Qd8 19. Qh3 h5 20. g4 d5
21. Ng5 f6 22. Nf3 e5 23. Qg3 Bxg4 24. h3 Bxf3+ 25. Rxf3 g5 26. Bd2 e4 27.
Rf2 Qb6 28. dxe4 Qxb2 29. Bc3 Qb8 30. Qg2 d4 31. Bd2 Qd6 32. Qf3 h4 33. Rg1
Qe5 34. Rfg2 Rf7 35. Rg4 Bh6 36. Bf4 Qe6 37. Rxh4 Bg7 38. Rhg4 gxf4 39. Qxf4
Kf8 40. Qg3 Raa7 41. h4 Ke8 42. Qb8+ {Black forfeits on time} 1-0

[Event "ICC tourney 2675 (25 5)"]
[Site "Internet Chess Club"]
[Date "2021.09.18"]
[Round "4"]
[White "RAJMOHAN, VIKRAM:vikram251107"]
[Black "GILLMAN, JONES:JonesGill"]
[Result "1-0"]
[ICCResult "Black resigns"]
[WhiteElo "1912"]
[BlackElo "1427"]
[Opening "Ponziani: Jaenisch counter-attack"]
[ECO "C44"]
[NIC "KP.05"]
[Time "15:30:11"]
[TimeControl "1500+5"]

1. e4 e5 2. Nf3 Nc6 3. c3 Nf6 4. d4 exd4 5. e5 Nd5 6. cxd4 d6 7. Bc4 Nb6 8.
Bb5 Bd7 9. O-O Be7 10. Nc3 O-O 11. Re1 a6 12. Bd3 Bg4 13. exd6 Bxd6 14. h3
Bh5 15. g4 Bg6 16. Bg5 Qd7 17. d5 Ne7 18. Bxe7 Bxe7 19. Ne5 Qd6 20. Bxg6
fxg6 21. Nd3 Bf6 22. Re6 Qd8 23. Qb3 Bxc3 24. bxc3 Nxd5 25. Nb4 c6 26. Rd1
Qh4 27. Re2 Qxh3 28. Rd4 Rae8 29. Nxd5 cxd5 30. Qxd5+ Kh8 31. Rxe8 Rxe8 32.
Re4 Rf8 33. Rf4 Re8 34. Qe6 Rg8 35. c4 Qc3 36. Kg2 Qd2 37. Rf7 Qxa2 38. Rxb7
Qa4 39. Rc7 Qe8 40. Qxe8 Rxe8 41. Ra7 h6 42. Rxa6 Rc8 43. Ra4 Rc5 44. Kf3
Kh7 45. Ke4 h5 46. Kd4 Rc8 47. g5 Kg8 48. c5 Kf7 49. Ra7+ Ke6 50. Rxg7 Kf5
51. f4 Kxf4 52. Rxg6 h4 53. Rg7 h3 54. g6 Kg3 55. Rh7 Rg8 56. g7 h2 57. Ke5
Kg2 58. Kf6 Rc8 59. Kf7 Rc7+ 60. Ke6 Rc8 61. Rxh2+ Kxh2 62. Kf7 Rc7+ 63. Kg6
Rc6+ 64. Kh7 Rxc5 65. g8=Q Rh5+ 66. Kg6 Rh3 67. Qa2+ Kg3 68. Kg5 Rh2 69.
Qb3+ Kg2 70. Kg4 Rh1 71. Qc2+ Kg1 72. Kg3 {Black resigns} 1-0

[Event "ICC tourney 2675 (25 5)"]
[Site "Internet Chess Club"]
[Date "2021.09.18"]
[Round "5"]
[White "JANAPATI, VISWA:viswa0925"]
[Black "HECHT, HENRY:Henhec1001"]
[Result "1-0"]
[ICCResult "Black resigns"]
[WhiteElo "911"]
[BlackElo "1074"]
[Opening "Sicilian: Taimanov variation"]
[ECO "B45"]
[NIC "SI.39"]
[Time "17:00:12"]
[TimeControl "1500+5"]

1. e4 c5 2. Nf3 e6 3. d4 cxd4 4. Nxd4 Nc6 5. Nc3 Nf6 6. Nxc6 bxc6 7. Bf4 Bb4
8. Qd2 d5 9. exd5 Nxd5 10. Be5 f6 11. Bg3 Nxc3 12. bxc3 Qxd2+ 13. Kxd2 Be7
14. Bc4 O-O 15. Rhe1 Rd8+ 16. Ke2 Bd6 17. Kf1 Bxg3 18. hxg3 Re8 19. Rab1 Kf8
20. Kg1 e5 21. Bb3 Rb8 22. Ba4 Rxb1 23. Rxb1 c5 24. Bxe8 Kxe8 25. Rb5 c4 26.
Rc5 Be6 27. Rc6 Kd7 28. Ra6 Ke8 29. Rxe6+ {Black resigns} 1-0

[Event "ICC tourney 2675 (25 5)"]
[Site "Internet Chess Club"]
[Date "2021.09.18"]
[Round "5"]
[White "VATS, ATIKSH:avats"]
[Black "RAJMOHAN, VIKRAM:vikram251107"]
[Result "0-1"]
[ICCResult "White resigns"]
[WhiteElo "1488"]
[BlackElo "1912"]
[Opening "Caro-Kann: advance variation"]
[ECO "B12"]
[NIC "CK.04"]
[Time "17:00:13"]
[TimeControl "1500+5"]

1. e4 c6 2. d4 d5 3. e5 Bf5 4. Bd3 Bxd3 5. Qxd3 e6 6. c3 c5 7. Be3 Nc6 8. f4
Nh6 9. h3 Nf5 10. Nf3 h5 11. Bf2 Qb6 12. Qd2 Rc8 13. O-O h4 14. Rd1 cxd4 15.
cxd4 Bb4 16. Nc3 Na5 17. Rac1 Nc4 18. Qe2 Rc6 19. b3 Na5 20. Na4 Qc7 21. Qb2
Be7 22. Rxc6 bxc6 23. Rc1 O-O 24. b4 Nc4 25. Qb3 Rb8 26. Nb2 Rxb4 27. Qxb4
Bxb4 28. Nxc4 dxc4 29. Rxc4 Be7 {White resigns} 0-1

[Event "ICC tourney 2675 (25 5)"]
[Site "Internet Chess Club"]
[Date "2021.09.18"]
[Round "5"]
[White "MANTRI, RISHAB SAI:Rishabmantri"]
[Black "SARAVIA, KYLE AUSTIN:Kyle45"]
[Result "1-0"]
[ICCResult "Black checkmated"]
[WhiteElo "1164"]
[BlackElo "1296"]
[Opening "Sicilian: Pin variation (Sicilian counter-attack)"]
[ECO "B41"]
[NIC "SI.41"]
[Time "17:00:25"]
[TimeControl "1500+5"]

1. e4 c5 2. Nf3 e6 3. d4 cxd4 4. Nxd4 Nf6 5. Nc3 Bb4 6. Bd3 Qb6 7. Ne2 d5 8.
a3 Bxc3+ 9. Nxc3 Nc6 10. exd5 exd5 11. O-O O-O 12. b3 Bg4 13. Be2 Bxe2 14.
Qxe2 Rfe8 15. Qd3 Rad8 16. Bg5 Ne5 17. Qf5 Rd6 18. Qf4 d4 19. Ne2 d3 20.
cxd3 Nxd3 21. Qf3 Ne4 22. Be3 Qxb3 23. Nd4 Qd5 24. Nf5 Rf6 25. Bd4 Rxf5 26.
Qxd3 Rd8 27. Rad1 Rg5 28. f3 Nc5 29. Qe3 Qf5 30. Bxc5 Rxd1 31. Qe8#
{Black checkmated}
1-0

[Event "ICC tourney 2675 (25 5)"]
[Site "Internet Chess Club"]
[Date "2021.09.18"]
[Round "5"]
[White "POLAKALA, ANISH:shadowstriker"]
[Black "Nori, YOGA KAUSTHUBHA KRISHNA:Harithaananth"]
[Result "1-0"]
[ICCResult "Black resigns"]
[WhiteElo "892"]
[BlackElo "1073"]
[Opening "Ruy Lopez: Berlin defense"]
[ECO "C65"]
[NIC "RL.07"]
[Time "17:00:15"]
[TimeControl "1500+5"]

1. e4 e5 2. Nf3 Nc6 3. Bb5 Nf6 4. d3 d6 5. Nc3 Bd7 6. O-O Be7 7. h3 a6 8.
Ba4 b5 9. Bb3 O-O 10. a3 Nd4 11. Nxd4 exd4 12. Nd5 Nxd5 13. Bxd5 c6 14. Ba2
Bf6 15. Bf4 Be6 16. Bg3 Bxa2 17. Rxa2 c5 18. Re1 Re8 19. Ra1 Be5 20. Qf3 f6
21. Qd1 a5 22. f4 Bxf4 23. Bxf4 g5 24. Bh2 b4 25. axb4 axb4 26. Rxa8 Qxa8
27. Bxd6 Qc6 28. Bh2 Kg7 29. b3 h6 30. g4 Ra8 31. Qe2 Re8 32. Qf2 Qe6 33.
Qg3 Qe7 34. Qc7 Qxc7 35. Bxc7 Rc8 36. Bh2 Ra8 37. Rc1 Rc8 38. e5 fxe5 39.
Bxe5+ Kg6 40. Bh2 Kf7 41. Rf1+ Ke6 42. Re1+ Kd5 43. Kg2 Kc6 44. Re6+ Kb5 45.
Bg3 Ra8 46. Kf2 Ra2 47. Re2 Ra6 48. Ke1 Ra1+ 49. Kf2 Ra6 50. Be5 Ra2 51. Bg7
Ra6 52. Rd2 Rg6 53. Be5 Re6 54. Re2 Ra6 55. Kf3 Re6 56. Ke4 Ra6 57. Kf5 Ra1
58. Kg6 Rh1 59. Kxh6 Rxh3+ 60. Kxg5 Rh1 61. Kf5 Rf1+ 62. Bf4 Rg1 63. g5 Kc6
64. g6 Kd7 65. Kf6 Rf1 66. Re4 Rf2 67. g7 Rg2 68. Kf7 Rxg7+ 69. Kxg7 Kc6 70.
Re6+ Kb5 71. Re8 Kc6 72. Bg5 Kb5 73. Rc8 Kb6 74. Be7 Kb5 {Black resigns} 1-0

[Event "ICC tourney 2675 (25 5)"]
[Site "Internet Chess Club"]
[Date "2021.09.18"]
[Round "5"]
[White "SCHWARTZ, DOUGLAS S:Douglas1"]
[Black "CHRIST, OWEN EMERSON:chesswizard9797"]
[Result "1-0"]
[ICCResult "Black resigns"]
[WhiteElo "1315"]
[BlackElo "1473"]
[Opening "Sicilian: accelerated fianchetto, modern variation"]
[ECO "B34"]
[NIC "SI.33"]
[Time "17:00:11"]
[TimeControl "1500+5"]

1. e4 c5 2. Nf3 Nc6 3. d4 cxd4 4. Nxd4 g6 5. Nc3 Bg7 6. Nxc6 bxc6 7. Bd2 Rb8
8. Rb1 Nf6 9. Bc4 d5 10. exd5 cxd5 11. Bb3 O-O 12. Be3 Qa5 13. O-O e6 14.
Qd2 Ba6 15. Rfe1 d4 16. Qxd4 Nd5 17. Qa4 Bxc3 18. bxc3 Qxa4 19. Bxa4 Nxc3
20. Rxb8 Rxb8 21. Bb3 Rb7 22. h3 Bb5 23. Bd2 Rc7 24. Re5 Ne2+ 25. Kh2 Nd4
26. Be3 Nxb3 27. Rxb5 Na1 28. Bd4 Kf8 29. Bxa1 Rxc2 30. Rb8+ Ke7 31. Rb7+
Ke8 32. Rxa7 Rxf2 33. a4 Kd8 34. a5 Kc8 35. a6 Kb8 36. Re7 h5 37. a7+ Ka8
38. Re8+ Kb7 39. a8=Q+ {Black resigns} 1-0

[Event "ICC tourney 2675 (25 5)"]
[Site "Internet Chess Club"]
[Date "2021.09.18"]
[Round "5"]
[White "RAVAL, MEET:K09-30125723"]
[Black "KRISHNAN, ASHVATH:ashvathk5"]
[Result "1/2-1/2"]
[ICCResult "Game drawn because neither player has mating material"]
[WhiteElo "598"]
[BlackElo "1192"]
[Opening "Queen's gambit declined"]
[ECO "D30"]
[NIC "QP.08"]
[Time "17:01:28"]
[TimeControl "1500+5"]

1. d4 d5 2. c4 e6 3. a3 Nf6 4. Nc3 Nbd7 5. Nf3 c6 6. e3 Bd6 7. cxd5 exd5 8.
Bd3 O-O 9. O-O Re8 10. Re1 Ne4 11. Qc2 f5 12. Nd2 Ndf6 13. f3 Nxd2 14. Bxd2
Qc7 15. g3 g6 16. Kg2 Nh5 17. f4 Nf6 18. Rac1 Be6 19. Qb3 a6 20. Na4 Nd7 21.
Bb4 Bxb4 22. Qxb4 Rec8 23. Rc3 b5 24. Nc5 Nxc5 25. Rxc5 Qd7 26. Rec1 a5 27.
Qc3 Ra6 28. Bxb5 cxb5 29. Rxc8+ Qxc8 30. Qxc8+ Bxc8 31. Rxc8+ Kg7 32. Rc5 b4
33. Rxd5 bxa3 34. bxa3 Kf6 35. Kf3 Ke6 36. Re5+ Kf6 37. h3 g5 38. fxg5+ Kxg5
39. h4+ Kf6 40. Kf4 h5 41. Rxf5+ Kg6 42. g4 hxg4 43. Kxg4 Re6 44. Re5 Ra6
45. h5+ Kh6 46. d5 Kg7 47. Re6 Ra7 48. Kg5 Rd7 49. h6+ Kh7 50. e4 a4 51. d6
Kg8 52. Re7 Rxd6 53. h7+ Kh8 54. e5 Rd1 55. Kg6 Rg1+ 56. Kf6 Rf1+ 57. Ke6
Ra1 58. Rf7 Rxa3 59. Ke7 Rb3 60. e6 a3 61. Kf6 Rf3+ 62. Ke7 Rb3 63. Ke8 a2
64. Ra7 Rb8+ 65. Kf7 Rb7+ 66. Rxb7 a1=Q 67. Rb8+ Kxh7 68. e7 Qf1+ 69. Ke6
Qe2+ 70. Kd7 Qd3+ 71. Kc8 Qc4+ 72. Kd7 Qd5+ 73. Kc8 Qe6+ 74. Kd8 Qd6+ 75.
Kc8 Qc6+ 76. Kd8 Qf6 77. Kd7 Qf7 78. Kd8 Qd5+ 79. Kc8 Qe6+ 80. Kd8 Qd6+ 81.
Kc8 Qxe7 82. Rb7 Qxb7+ 83. Kxb7
{Game drawn because neither player has mating material}
1/2-1/2

[Event "ICC tourney 2675 (25 5)"]
[Site "Internet Chess Club"]
[Date "2021.09.18"]
[Round "5"]
[White "GILLMAN, JONES:JonesGill"]
[Black "MOORHOUSE, WILL:NatWill"]
[Result "1-0"]
[ICCResult "Black forfeits on time"]
[WhiteElo "1427"]
[BlackElo "1485"]
[Opening "Sicilian"]
[ECO "B50"]
[NIC "SI.01"]
[Time "17:00:15"]
[TimeControl "1500+5"]

1. e4 c5 2. Nf3 d6 3. c3 Nf6 4. Be2 g6 5. O-O Bg7 6. d3 O-O 7. Be3 Nbd7 8.
Nbd2 b5 9. h3 Bb7 10. Nh2 d5 11. e5 Nxe5 12. Bxc5 Ned7 13. Be3 e5 14. d4 a6
15. Nb3 e4 16. Qd2 Ne8 17. f3 f5 18. fxe4 dxe4 19. Rad1 Nb6 20. Nc5 Bc8 21.
Qc2 Nd5 22. Qd2 Qd6 23. Bf4 Nxf4 24. Qxf4 Qe7 25. Rfe1 Nd6 26. Nf1 g5 27.
Qh2 f4 28. Nd2 Bb7 29. Bg4 Bd5 30. Bf3 Qf7 31. Ndxe4 Nxe4 32. Nxe4 h6 33.
Nd6 Bxf3 34. Nxf7 Bxd1 35. Nxh6+ Bxh6 36. Rxd1 Rae8 37. Kf2 Re3 38. Re1 Rd3
39. Re2 f3 40. gxf3 Rdxf3+ 41. Ke1 g4 42. Qg2 {Black forfeits on time} 1-0